 Dungeon Crawl Stone Soup version 0.28.0-53-g5a82cb258f (webtiles) character file.

Game seed: 15430964557812940589

1664 raph the Destroyer (level 8, -3/57 HPs)
             Began as a White Draconian Conjurer on June 27, 2022.
             Was an Initiate of Sif Muna.
             Slain by Maggie
             ... wielding a +1 glaive of flaming
              (9 damage)
             ... on level 8 of the Dungeon.
             The game lasted 00:13:59 (7237 turns).

raph the Destroyer (White Draconian Conjurer)       Turns: 7237, Time: 00:13:59

Health: -3/57      AC:  6    Str: 18    XL:     8   Next: 69%
Magic:  0/12       EV: 12    Int: 23    God:    Sif Muna [......]
Gold:   75         SH:  0    Dex:  9    Spells: 2/12 levels left

rFire   . . .      SeeInvis .   l - +2 trident (venom)
rCold   + . .      Faith    .   (no shield)
rNeg    . . .      Spirit   .   (armour unavailable)
rPois   .          Reflect  .   (helmet restricted)
rElec   .          Harm     .   (no cloak)
rCorr   .          Rampage  .   (no gloves)
Will    .....                   (no boots)
Stlth   ++........              o - amulet of regeneration
HPRegen 0.99/turn               t - ring of Piacousuv {Ice Str+7 Int+3}
MPRegen 0.13/turn               h - ring of fire

@: no status effects
A: breathe frost, AC +6, unfitting armour, cold resistance 1, cold-blooded
a: Breathe Frost, Renounce Religion


You were on level 8 of the Dungeon.
You worshipped Sif Muna.
Sif Muna was noncommittal.
You visited 2 branches of the dungeon, and saw 8 of its levels.

You collected 284 gold pieces.
You spent 209 gold pieces at shops.

Inventory:

Hand Weapons
 a - a +0 mace
 f - a +0 quarterstaff
 i - a +0 rapier
 l - a +2 trident of venom (weapon)
 v - a +3 hand crossbow
Missiles
 d - 5 poisoned darts
 p - 2 throwing nets
 w - 19 bolts
Jewellery
 h - a ring of fire (right hand)
 o - an amulet of regeneration (around neck)
 q - an amulet of the acrobat
 t - the ring of Piacousuv (left hand) {Ice Str+7 Int+3}
   (You acquired it on level 5 of the Dungeon)

   [ring of ice]

   It enhances your ice magic.
   Str:       It affects your strength (+7).
   Int:       It affects your intelligence (+3).
   rF:        It makes you vulnerable to fire.
   rC:        It protects you from cold.
 u - a ring of protection from fire
Wands
 n - a wand of polymorph (7)
Scrolls
 e - a scroll of identify
Potions
 b - a potion of haste
 c - 2 potions of curing
 g - a potion of heal wounds
 j - 3 potions of cancellation
 m - 2 potions of flight
 s - a potion of resistance
 x - a potion of mutation {unknown}
Miscellaneous
 k - a condenser vane (inert)


   Skills:
 - Level 2.6 Dodging
 - Level 2.8 Stealth
 - Level 2.7 Spellcasting
 + Level 8.7 Conjurations
 + Level 6.2 Hexes


You had 2 spell levels left.
You knew the following spells:

 Your Spells              Type           Power      Damage    Failure   Level
a - Magic Dart            Conj           100%       1d8       1%          1
b - Searing Ray           Conj           86%        2d7       1%          2
c - Dazzling Flash        Conj/Hex       74%        N/A       1%          3
d - Fulminant Prism       Conj/Hex       18%        3d11      5%          4

Your spell library contained the following spells:

 Spells                   Type           Power      Damage    Failure   Level
 Iskenderun's Mystic Bla  Conj/Tloc      23%        2d6       21%         4


Dungeon Overview and Level Annotations

Branches:
Dungeon (8/15)             Temple (1/1) D:5
   Lair: D:8-11

Altars:
Ashenzari
Cheibriados
Dithmenos
Fedhas
Gozag
Hepliaklqana
Kikubaaqudgha
Makhleb
Nemelex Xobeh
Okawaru
Ru
Sif Muna
Uskayaw
The Shining One

Shops:
D:1 [

Annotations:
D:8 Maggie


Innate Abilities, Weirdness & Mutations

You can breathe waves of freezing cold which knock back foes.
Your icy white scales are hard. (AC +6)
You cannot fit into any form of body armour.
Your flesh is cold resistant. (rC+)
You are cold-blooded and may be slowed by cold attacks.


Message History

Aiming: Fulminant Prism (dangerous; 6% risk of failure)
Press: ? - help, Dir - move target You conjure a prism of explosive energy!
A fulminant prism comes into view.
The centaur shoots an arrow.
The arrow hits you!
The centaur shoots an arrow.
The arrow closely misses you.
Casting: Fulminant Prism (dangerous; 6% risk of failure)
Confirm with . or Enter, or press ? or * to list all spells.
Aiming: Searing Ray (safe; 1% risk of failure)
Press: ? - help, Shift-Dir - straight line, f - Maggie
Aim: Maggie, wielding a +1 glaive of flaming, wearing +0 swamp dragon scales and carrying a wand of polymorph (11) (mesmerising, 84% to hit)
The searing ray hits Maggie.
Maggie is lightly wounded. (Press . to maintain the ray.)
The centaur shoots an arrow.
The arrow closely misses you.
Your fulminant prism crackles loudly.
The searing ray hits Maggie.
Maggie is lightly wounded.
The centaur shoots an arrow.
The arrow misses you.
Maggie zaps a wand.
You resist with some effort.
The centaur shoots an arrow.
The arrow hits you but does no damage.
Your fulminant prism explodes!
The blast of energy engulfs the centaur!!
You kill the centaur!
Sif Muna accepts your kill.
You hear a bellow!
You hear an angry buzzing noise.
The searing ray hits Maggie but does no damage.
Maggie is lightly wounded.
Maggie gives herself a magical halo, but it quickly sputters out.
Maggie hits you from afar with a +1 glaive of flaming.
Maggie burns you.
The searing ray hits Maggie.
Maggie is lightly wounded.
You finish channelling your searing ray.
You break out of your daze.
Maggie practices a pose.
Maggie hits you from afar with a +1 glaive of flaming!!
* * * LOW HITPOINT WARNING * * *
Maggie burns you!
You die...

.. ## ###### ... .#
....5. ... .#
###### #.# .# #..
#.# .# #.# #.#
.###.# #.#
#.####.....# #.#
#...@.@.# #.#
#######.###...# #.#
#......>.....)....
##.#
#.#####.###...###..
...####.# #.# ##.##
........# #.# .#
######.## #.# .#
#..# #.# .. ###
##..# #.#


You could see Maggie.

Vanquished Creatures
  Prince Ribbit (D:8)
  Eustachio (D:5)
  Menkaure (D:5)
  Duvessa (D:5)
  4 ogres
  A centaur (D:8)
  A phantom (D:5)
  Blork the orc (D:5)
  A scorpion (D:4)
  Dowan (D:5)
  A centaur zombie (D:5)
  A hound (D:5)
  A bullfrog skeleton (D:4)
  An iguana (D:4)
  Jessica (D:2)
  Natasha (thrice) (D:2)
  An orc wizard (D:3)
  2 howler monkey zombies (D:5)
  6 adders
  A shadow imp (D:8)
  A white imp (D:8)
  4 dart slugs
  8 orcs
  2 bats
  9 endoplasms
  6 giant cockroaches
  6 goblins (D:4)
  10 hobgoblins
  2 quokkas
  12 ball pythons
  2 frilled lizards
  11 kobolds
  5 rats
109 creatures vanquished.

Vanquished Creatures (others)
  14 fulminant prisms
14 creatures vanquished.

Grand Total: 123 creatures vanquished

Notes
Turn   | Place    | Note
-------+----------+-------------------------------------------
     0 | D:1      | raph the Draconian Conjurer began the quest for the Orb.
     0 | D:1      | Reached XP level 1. HP: 14/14 MP: 3/3
   143 | D:1      | Reached XP level 2. HP: 19/20 MP: 1/5
   265 | D:1      | Found Zorin's Antique Armour Boutique.
   370 | D:1      | Learned a level 2 spell: Searing Ray
  1292 | D:2      | Reached XP level 3. HP: 26/26 MP: 2/6
  1808 | D:2      | Noticed Natasha
  1813 | D:2      | Killed Natasha
  1814 | D:2      | Reached XP level 4. HP: 28/33 MP: 1/7
  1989 | D:2      | Found a faded altar of an unknown god.
  2032 | D:2      | Noticed Jessica
  2038 | D:2      | Killed Jessica
  2138 | D:2      | Noticed Natasha
  2144 | D:2      | Killed Natasha
  2145 | D:2      | Reached skill level 5 in Conjurations
  2198 | D:2      | Noticed Natasha
  2204 | D:2      | Killed Natasha
  2205 | D:2      | Reached XP level 5. HP: 27/38 MP: 1/9
  2280 | D:2      | Learned a level 3 spell: Dazzling Flash
  3207 | D:3      | Reached skill level 1 in Hexes
  3376 | D:4      | Reached XP level 6. HP: 45/45 MP: 5/10
  3579 | D:3      | Learned a level 4 spell: Fulminant Prism
  4524 | D:4      | Reached skill level 6 in Conjurations
  4700 | D:5      | Entered Level 5 of the Dungeon
  4930 | D:1      | Bought a pair of faintly glowing gloves for 209 gold pieces
  4930 | D:1      | Identified the +0 pair of gloves of Biasus {Harm rElec
                  | Dex-4} (You bought it in a shop on level 1 of the Dungeon)
  5002 | D:5      | Found a staircase to the Ecumenical Temple.
  5009 | D:5      | Your scales start taking on an icy white colour.
  5009 | D:5      | Reached XP level 7. HP: 50/50 MP: 2/11
  5009 | D:5      | Gained mutation: Your flesh is cold resistant. (rC+) [White
                  | Draconian growth]
  5204 | Temple   | Entered the Ecumenical Temple
  5514 | Temple   | Became a worshipper of Sif Muna the Loreminder
  5648 | D:5      | Noticed Duvessa
  5650 | D:5      | Noticed Dowan
  5654 | D:5      | Killed Dowan
  5670 | D:5      | Killed Duvessa
  5671 | D:5      | Reached skill level 7 in Conjurations
  5890 | D:5      | Noticed Eustachio
  6094 | D:5      | Noticed Menkaure
  6099 | D:5      | Killed Menkaure
  6379 | D:5      | Reached XP level 8. HP: 57/57 MP: 4/12
  6482 | D:5      | Identified a scroll of acquirement
  6482 | D:5      | Acquired the ring of Piacousuv {Ice Str+7 Int+3}
  6531 | D:5      | Killed Eustachio
  6532 | D:5      | Reached skill level 5 in Hexes
  6657 | D:5      | Noticed Blork the orc
  6686 | D:5      | Killed Blork the orc
  6687 | D:5      | Reached skill level 8 in Conjurations
  6946 | D:6      | You fall into a shaft and drop 2 floors!
  7046 | D:8      | Noticed Prince Ribbit
  7054 | D:8      | Killed Prince Ribbit
  7224 | D:8      | Noticed Maggie
  7237 | D:8      | Slain by Maggie

Illustrated notes

Levels and vault maps discovered:
D:1:      dpeg_arrival_more_subterranean_lakeside_camping, layout_basic,
          serial_shops, nicolae_square_shop, minmay_pentomino_u4
D:2:      layout_loops_ring, hellmonk_ecumenical_altar_leap_of_faith,
          uniq_natasha, uniq_jessica
D:3:      layout_basic, nrook_campfire
D:4:      minmay_recursive_quarters, layout_rooms, minmay_misc_feat_roman
D:5:      layout_loops_ring, temple_fountains, minmay_misc_feat_x, uniq_duvessa,
          uniq_blork_the_orc, uniq_eustachio, uniq_menkaure
D:6:      mumra_celtic_spiral_tile, layout_rooms, ebering_ghost_disaster_area,
          uniq_sigmund
D:8:      hangedman_cross_veins, layout_loops_ring, vehumet_altar_wand_db,
          serial_shops, nicolae_lakefront_shop, grunt_ogre_cave,
          roderic_serpentine_path, uniq_prince_ribbit1, uniq_maggie
Temple:   minmay_temple_curvy_branch

Skill      XL: |  1  2  3  4  5  6  7  8 |
---------------+-------------------------+-----
Dodging        | 2 |  2.6
Stealth        | 2 |  2.8
Conjurations   | 5 6 7 8 |  8.7
Hexes          | 1 3 4 6 |  6.2
Spellcasting   | |  2.7

Action                   |  1- 3 |  4- 6 |  7- 9 || total
-------------------------+-------+-------+-------++-------
Melee: Mace              |     8 |       |       ||     8
       Tailslap          |     2 |       |       ||     2
       Quarterstaff      |    13 |     1 |       ||    14
       Trident           |       |     6 |     3 ||     9
 Cast: Magic Dart        |    32 |    47 |    15 ||    94
       Searing Ray       |    12 |    33 |    18 ||    63
       Fulminant Prism   |       |     1 |    13 ||    14
       Dazzling Flash    |       |     1 |     2 ||     3
 Abil: Breathe Frost     |       |       |     5 ||     5
Evoke: Condenser vane    |       |       |     1 ||     1
  Use: Scroll            |     5 |     7 |     3 ||    15
       Potion            |       |       |     3 ||     3
Armor: Skin              |     9 |     6 |     7 ||    22
Dodge: Dodged            |    21 |    14 |    27 ||    62
